Map: King's Cove LE

Players

Lambo - Winner!

  • Race: Zerg Zerg
  • Spawn Location: 11:00

Cloudy

  • Race: Protoss Protoss
  • Spawn Location: 5:00

Event: 2019 WCS Spring

VOD

Have the link to the VOD?

Description

Time

  • Played on: May 17, 2019, 1:29 p.m.
  • Length: 14:13

All games in this series

Show
View Real Time Build Order
Export as new Build Order

Lambo Zerg - Winner!

Build Orders: Hatch First, Roach Hydra 

Get SALT Encoding   

  12  0:00  Drone  
  13  0:13  Overlord  
  13  0:17  Drone  
  14  0:31  Drone x2  
  16  0:49  Hatchery  
  15  0:52  Drone  
  15  0:56  Drone  
  17  0:59  Drone  
  18  1:11  Extractor  
  17  1:15  Spawning Pool  
  17  1:18  Drone  
  17  1:22  Drone  
  18  1:29  Drone  
  19  1:39  Drone  
  20  1:51  Overlord  
  20  2:02  Queen x2  
  20  2:03  Zergling x4  
  26  2:11  Drone  
  26  2:12  Drone  
  28  2:28  Drone x2  
  30  2:37  Hatchery, Drone  
  30  2:42  Pneumatized Carapace  
  30  2:45  Drone  
  30  2:46  Drone  
  32  2:52  Overlord  
  32  2:58  Drone  
  33  2:59  Drone  
  34  3:10  Drone  
  34  3:11  Drone x2  
  34  3:12  Drone  
  38  3:15  Metabolic Boost  
  38  3:16  Drone  
  38  3:18  Queen  
  41  3:23  Overlord  
  41  3:25  Drone  
  43  3:27  Drone  
  43  3:32  Drone  
  44  3:38  Overlord  
  44  3:43  Drone x3  
  44  3:44  Drone  
  48  3:48  Spore Crawler  
  48  3:50  Queen  
  48  3:52  Spore Crawler  
  48  3:57  Queen  
  48  3:59  Drone  
  48  4:01  Spore Crawler  
  50  4:03  Drone  
  50  4:06  Zergling x2  
  50  4:08  Zergling x2  
  50  4:09  Drone  
  55  4:10  Drone  
  55  4:12  Drone  
  56  4:18  Roach Warren  
  56  4:20  Overlord  
  56  4:23  Zergling x2  
  57  4:24  Drone  
  57  4:26  Drone  
  57  4:30  Lair  
  58  4:34  Drone  
  58  4:37  Extractor  
  58  4:38  Extractor, Drone x3  
  58  4:41  Drone  
  60  4:51  Drone x6  
  66  4:59  Overlord  
  66  5:01  Evolution Chamber  
  66  5:04  Overlord  
  66  5:05  Drone  
  66  5:10  Overlord  
  65  5:17  Drone x2  
  65  5:18  Drone x3  
  65  5:19  Overlord, Drone  
  71  5:22  Roach x2  
  71  5:25  Roach  
  71  5:27  Overlord  
  77  5:28  Zerg Missile Weapons Level 1  
  77  5:31  Overlord  
  77  5:33  Roach  
  79  5:36  Overlord  
  79  5:40  Overseer  
  79  5:41  Roach x2  
  79  5:42  Glial Reconstitution  
  83  5:45  Roach  
  83  5:48  Extractor, Drone x2  
  87  5:50  Extractor, Drone  
  87  5:51  Extractor, Drone x2  
  87  5:55  Drone x2  
  87  5:56  Zergling x2  
  90  5:59  Drone x2  
  90  6:03  Hydralisk Den  
  91  6:05  Zergling x2  
  91  6:06  Drone  
  90  6:12  Drone x5  
  90  6:14  Drone  
  90  6:17  Drone  
  90  6:18  Drone  
  96  6:22  Drone  
  97  6:27  Overseer  
  97  6:36  Roach x7  
  97  6:38  Overlord  
  111  6:42  Drone  
  111  6:45  Queen, Lurker Den  
  111  6:50  Muscular Augments  
  111  6:52  Overlord  
  110  7:00  Roach x3  
  110  7:01  Roach  
  118  7:05  Overlord  
  118  7:07  Roach  
  120  7:14  Hatchery  
  120  7:15  Baneling Nest  
  119  7:16  Overlord  
  119  7:24  Zerg Missile Weapons Level 2  
  119  7:26  Roach x4  
  119  7:29  Drone x3  
  128  7:31  Overseer  
  128  7:34  Hydralisk x2  
  128  7:36  Drone x2  
  134  7:41  Overlord  
  134  7:44  Overlord  
  134  7:48  Overlord  
  134  7:49  Overlord  
  134  7:52  Infestation Pit, Overlord  
  134  7:55  Overlord  
  134  7:57  Overlord  
  133  7:59  Overlord  
  133  8:01  Centrifical Hooks  
  133  8:04  Hydralisk x2  
  133  8:05  Hydralisk  
  137  8:07  Hydralisk  
  137  8:09  Drone  
  137  8:11  Grooved Spines  
  137  8:12  Drone  
  143  8:13  Drone  
  143  8:16  Drone  
  143  8:17  Drone x3  
  148  8:26  Baneling  
  148  8:27  Overlord  
  148  8:28  Overlord  
  148  8:35  Hydralisk x5  
  148  8:38  Hive  
  148  8:40  Drone x2  
  160  8:42  Queen  
  162  8:53  Zergling x20  
  171  9:00  Spire  
  170  9:03  Extractor  
  170  9:04  Hatchery  
  170  9:08  Zergling x12  
  173  9:12  Overseer  
  173  9:14  Drone  
  174  9:18  Drone  
  174  9:19  Evolution Chamber, Zergling x14  
  174  9:21  Baneling x4  
  174  9:22  Baneling  
  181  9:30  Zergling x18  
  190  9:34  Overlord  
  190  9:42  Baneling x22  
  190  9:45  Zergling x6  
  193  9:48  Baneling x7  
  193  9:57  Baneling x8  
  193  9:58  Zergling x12  
  199  10:00  Overlord  
  199  10:02  Overlord  
  199  10:05  Overlord  
  199  10:06  Overlord  
  197  10:11  Zergling x2  
  197  10:12  Zergling x12  
  197  10:13  Zergling x2  
  187  10:14  Zergling x4  
  187  10:18  Zergling x6  
  187  10:20  Hydralisk  
  165  10:23  Zerg Melee Weapons Level 1  
  165  10:25  Zerg Missile Weapons Level 3  
  165  10:27  Ravager x5  
  167  10:30  Zergling x6  
  167  10:32  Ravager  
  167  10:34  Baneling x6  
  167  10:35  Zergling x4  
  172  10:39  Zergling x4  
  172  10:40  Zergling x4  
  177  10:50  Greater Spire, Adrenal Glands  
  177  10:53  Zergling x16  
  179  10:59  Baneling x7  
  179  11:01  Zergling x8  
  183  11:06  Zergling x8  
  183  11:10  Zergling x12  
  190  11:14  Zergling x6  
  189  11:23  Zergling x24  
  167  11:30  Hydralisk x3  
  167  11:31  Hydralisk  
  151  11:32  Hydralisk  
  151  11:39  Baneling x7  
  136  11:43  Zergling x14  
  136  11:45  Baneling x3, Zergling x2  
  141  11:48  Ravager x2  
  141  11:49  Roach, Zergling x2  
  141  11:51  Baneling x4  
  141  11:52  Zergling x2  
  147  11:57  Zergling x10  
  147  12:01  Zergling x6  
  142  12:03  Zergling x6  
  142  12:06  Zergling x6  
  142  12:07  Zergling x2  
  144  12:12  Zergling x2  
  136  12:21  Hydralisk  
  136  12:22  Hydralisk x3  
  143  12:23  Overseer  
  143  12:27  Hydralisk x3  
  143  12:28  Hydralisk  
  151  12:32  Hydralisk x3  
  151  12:36  Baneling x7  
  157  12:49  Hydralisk x4  
  157  12:50  Zergling x8  
  169  12:54  Queen  
  169  12:56  Baneling x7  
  169  12:57  Zergling x2  
  172  13:01  Hydralisk x2  
  176  13:06  Drone  
  176  13:07  Drone  
  176  13:08  Zergling x6  
  176  13:09  Zergling x4  
  179  13:13  Zergling x4  
  179  13:17  Zergling x10  
  179  13:19  Zergling x4  
  182  13:26  Overseer  
  182  13:27  Overseer  
  182  13:28  Zergling x14  
  182  13:31  Baneling x6  
  182  13:33  Zergling x6  
  192  13:37  Baneling x7  
  190  13:43  Zergling x10  
  190  13:45  Zergling x8  
  190  13:47  Zergling x4  
  189  13:51  Zergling x4  
Show
View Real Time Build Order
Export as new Build Order

Cloudy Protoss 

Build Orders: 1 Gate Expand, Oracle Opening, Phoenix Opening, Archon Immortal, Archon Drop 

Get SALT Encoding   

  12  0:01  Probe  
  13  0:13  Probe  
  14  0:23  Pylon  
  14  0:26  Probe  
  15  0:37  Probe  
  15  0:41  Gateway  
  16  0:45  Probe  
  16  0:48  Assimilator  
  17  0:55  Probe  
  18  1:07  Probe  
  19  1:19  Probe  
  20  1:29  Nexus  
  20  1:39  Cybernetics Core  
  20  1:41  Probe  
  21  1:49  Assimilator  
  21  1:53  Probe  
  22  1:57  Pylon  
  22  2:06  Probe, Adept  
  23  2:18  Probe  
  26  2:23  Stargate  
  26  2:27  Probe  
  26  2:29  Adept  
  26  2:31  Warp Gate  
  26  2:35  Probe  
  27  2:40  Probe  
  31  2:44  Probe  
  32  2:53  Probe  
  32  2:56  Probe  
  34  3:00  Phoenix  
  34  3:05  Probe  
  35  3:08  Probe  
  38  3:17  Probe  
  39  3:20  Probe  
  39  3:22  Pylon  
  39  3:23  Gateway  
  40  3:28  Oracle  
  40  3:29  Probe  
  40  3:34  Probe  
  46  3:41  Probe  
  46  3:42  Assimilator  
  46  3:46  Assimilator  
  46  3:47  Probe  
  47  3:49  Robotics Facility  
  47  3:53  Probe  
  48  3:59  Probe  
  48  4:00  Twilight Council  
  49  4:05  Probe  
  49  4:09  Pylon  
  50  4:11  Probe  
  51  4:17  Probe  
  51  4:20  Gateway  
  51  4:21  Gateway  
  51  4:23  Probe  
  53  4:27  Warp Prism  
  55  4:41  Templar Archives  
  55  4:49  Zealot x2  
  59  4:59  Probe x2  
  61  5:14  Pylon  
  61  5:17  Nexus  
  61  5:19  Pylon  
  61  5:22  Probe  
  61  5:24  Forge  
  62  5:30  Observer  
  62  5:32  Probe  
  62  5:34  Probe  
  62  5:35  High Templar x3  
  70  5:38  High Templar  
  73  5:43  Archon  
  73  5:44  Archon  
  73  5:46  Probe  
  73  5:47  Probe, Pylon x2  
  75  5:52  Immortal  
  75  6:00  Probe  
  76  6:04  Robotics Facility  
  80  6:17  Probe x2  
  78  6:25  Immortal  
  78  6:26  Charge  
  78  6:29  Probe x3, Gateway  
  78  6:31  Gateway  
  85  6:40  Protoss Ground Weapons Level 1  
  85  6:41  Immortal, Probe x3  
  88  6:53  Probe x2  
  90  6:55  Probe  
  90  6:56  Immortal  
  90  7:01  Sentry x2, Assimilator  
  97  7:03  Assimilator  
  97  7:06  Shield Battery  
  103  7:10  Zealot, Sentry  
  107  7:18  Shield Battery  
  104  7:26  Zealot x2  
  108  7:35  Pylon  
  108  7:37  Pylon  
  108  7:38  Pylon  
  108  7:41  Psionic Storm, Pylon  
  108  7:42  Photon Cannon, Pylon  
  108  7:43  Immortal x2  
  108  7:52  Photon Cannon  
  108  7:57  High Templar  
  118  8:03  Stalker x3  
  124  8:11  High Templar  
  126  8:18  Gateway  
  126  8:22  Immortal, Gateway  
  126  8:23  Probe x2  
  126  8:24  Zealot  
  126  8:25  Immortal  
  138  8:31  High Templar  
  138  8:33  Pylon  
  140  8:35  Pylon  
  140  8:36  Pylon  
  140  8:38  High Templar, Pylon  
  142  8:41  Observer  
  142  8:48  High Templar  
  144  8:56  High Templar, Nexus  
  144  8:58  Pylon  
  144  8:59  Observer  
  146  9:16  Protoss Ground Weapons Level 2  
  146  9:17  High Templar  
  146  9:18  Probe x2, Pylon  
  146  9:23  High Templar  
  152  9:24  Zealot x5  
  152  9:30  Gateway  
  162  9:31  Gateway  
  162  9:48  Fleet Beacon  
  162  10:05  Zealot, High Templar x2  
  162  10:06  Zealot x5  
  172  10:10  Archon  
  154  10:15  Archon x3  
  154  10:16  Immortal x2  
  144  10:33  High Templar x3  
  150  10:36  Zealot x5  
  150  10:39  Photon Cannon  
  150  10:40  Probe x3  
  150  10:42  Assimilator  
  163  10:47  Assimilator  
  163  10:48  Zealot x2  
  167  10:56  Zealot x5  
  177  11:14  High Templar  
  177  11:15  Zealot, High Templar x3  
  177  11:16  Zealot x5  
  197  11:19  Archon x2  
  197  11:20  Immortal, Archon  
  197  11:21  Archon  
  138  11:35  Warp Prism  
  138  11:36  High Templar  
  134  11:42  Zealot x5  
  142  11:47  Zealot x4  
  122  12:04  Zealot x5  
  122  12:09  Immortal  
  114  12:17  High Templar x5  
  116  12:29  High Templar  
  118  12:32  Warp Prism  
  118  12:39  Zealot x4  
  118  12:40  Nexus  
  118  12:42  Immortal  
  118  12:43  Photon Cannon  
  126  12:49  Pylon  
  132  13:04  Observer  
  132  13:09  Zealot x3  
  132  13:10  Zealot  
  132  13:11  Zealot x3  
  145  13:17  Immortal  
  123  13:20  Warp Prism  
  123  13:22  High Templar x3  
  135  13:36  High Templar x4  
  119  13:53  Zealot  
  119  13:54  Zealot x2  
  119  13:58  Zealot x3  
Tags
 
Add a new tag
Caveats
  • Supply blocks, unpowered buildings, or Contaminate may cause inaccurate times.
  • Supply counts are checked every 10 seconds.